 Dungeon Sprint DCSS version 0.16-a0-3049-g2a447e9 (webtiles) character file.

302 BluebellGnoll the Basher (level 6, 35/59 HPs)
             Began as an Ogre Hunter on Dec 9, 2014.
             Quit the game in the Dungeon (Sprint V: "Ziggurat Sprint").
             The game lasted 00:02:18 (83 turns).

BluebellGnoll the Basher (Ogre Hunter)                Turns: 83, Time: 00:02:19

Health: 35/59      AC: 21    Str: 32    XL:     6   Next: 37%
Magic:  6/6        EV: -3    Int: 10    God:
Gold:   0          SH: 26    Dex: 10    Spells: 0 memorised, 5 levels left

rFire  + . .     SeeInvis .     K - +6 shillelagh "Devastator"
rCold  + . .     Clarity  .     H - +5 gold dragon armour
rNeg   + . .     SustAb   .     J - +18 shield of the gong {rElec rN+ MR+ EV-5}
rPois  +         Gourm    .     (helmet restricted)
rElec  +         Spirit   .     (no cloak)
rCorr  .         Warding  .     (gloves unavailable)
rMut   .         NoTele   +     (boots unavailable)
MR     +....                    (no amulet)
Stlth  ..........               u - +6 ring of strength
                                t - +6 ring of strength

@: somewhat resistant to hostile enchantments, extremely unstealthy
A: unfitting armour, tough skin 1
a: no special abilities


You were in the Dungeon.
You were not hungry.

You visited 1 branch

Inventory:

Hand weapons
 I - a +5 demon whip
 K - the +6 shillelagh "Devastator" (weapon)
   (You found it in the Dungeon)
Missiles
 b - 4 large rocks (quivered)
 c - 2 throwing nets
Armour
 H - a +5 gold dragon armour (worn)
 J - the +18 shield of the gong (worn) {rElec rN+ MR+ EV-5}
   (You found it in the Dungeon)

   It affects your evasion (-5).
   It insulates you from electricity.
   It protects you from negative energy.
   It affects your resistance to hostile enchantments.
Jewellery
 t - a +6 ring of strength (left hand)
 u - a +6 ring of strength (right hand)
Magical devices
 l - a wand of disintegration (7)
 m - a wand of fire (5)
 n - a wand of cold (5)
 o - a wand of draining (5)
Scrolls
 k - 4 scrolls of blinking
 r - 4 scrolls of amnesia
 s - 3 scrolls of recharging
 v - 7 scrolls of fog
 w - a scroll of holy word
 x - 5 scrolls of identify
 y - 5 scrolls of remove curse
 z - 2 scrolls of fear
Potions
 e - 10 potions of curing
 g - 10 potions of heal wounds
 h - 6 potions of haste
 i - 7 potions of magic
 j - 3 potions of berserk rage
 A - 2 potions of brilliance
 B - 2 potions of invisibility
 C - 2 potions of restore abilities
 D - 4 potions of resistance
 F - 5 potions of agility
 G - 5 potions of might
Comestibles
 f - 5 meat rations
 p - 42 fruits
 q - 4 bread rations


   Skills:
 - Level 2.6 Fighting
 + Level 14.0 Maces & Flails
 - Level 4.3 Throwing
 - Level 6.1 Armour
 - Level 1.7 Dodging
 - Level 0.7 Stealth


You had 5 spell levels left.
You didn't know any spells.

Dungeon Overview and Level Annotations

Branches:
Dungeon (1/1)

Altars:
Ashenzari
Cheibriados
Dithmenos
Elyvilon
Fedhas
Gozag
Kikubaaqudgha
Makhleb
Nemelex Xobeh
Okawaru
Qazlal
Ru
Sif Muna
Trog
Vehumet
Xom
Yredelemnul
Zin
The Shining One
Beogh
Jiyva
Lugonu


Innate Abilities, Weirdness & Mutations

You are too large for most types of armour.
You have tough skin (AC +1).


Message History

PANG!
You hit the swamp drake.
You kill the swamp drake!
Your Maces & Flails skill gained 2 levels and is now at level 14!
You have reached level 6!
Your experience leads to an increase in your attributes!
Your base attributes are Str 18, Int 10, Dex 10.
Increase (S)trength, (I)ntelligence, or (D)exterity?
You feel stronger. x2
Unknown command.
b - 4 large rocks (gained 1) Sorry, you're not good enough to have a special ability.
Throwing (i - inventory. (,) - cycle):
b - 4 large rocks (quivered)
Press: ? - help, Shift-Dir - straight line, f - you
Okay, then.
Unknown command.
Unknown command.
Unknown command.
You see here the Disquisition on Hurtful Fire.
Are you sure you want to abandon this character and quit the game? (Confirm with "yes".)

▓▓▓▓▓▓▓
▓.8©8.▓
▓.....▓
▓.}.@.▓
▓.....▓
▓..†..▓
▓.....▓
▓▓▓▓▓▓▓


There were no monsters in sight!

Vanquished Creatures
  A fire drake (D)
  A swamp drake (D)
2 creatures vanquished.

Vanquished Creatures (others)
  A spatial maelstrom (D)
1 creature vanquished.

Grand Total: 3 creatures vanquished

Notes
Turn   | Place    | Note
--------------------------------------------------------------
     0 | D        | BluebellGnoll, the Ogre Hunter, began the quest for the Orb.
     0 | D        | Reached XP level 1. HP: 22/22 MP: 1/1
     0 | D        | Found a viscous altar of Jiyva.
     0 | D        | Found a corrupted altar of Lugonu.
     0 | D        | Found a white marble altar of Elyvilon.
     1 | D        | Banished a spatial maelstrom
     2 | D        | Found a sparkling altar of Nemelex Xobeh.
     2 | D        | Found a burning altar of Makhleb.
     2 | D        | Found a deep blue altar of Sif Muna.
     3 | D        | Found a bloodstained altar of Trog.
     6 | D        | Found an iron altar of Okawaru.
     9 | D        | Found a radiant altar of Vehumet.
    16 | D        | Found a basalt altar of Yredelemnul.
    36 | D        | Found a shimmering altar of Xom.
    62 | D        | Reached skill level 6 in Armour
    62 | D        | Reached XP level 2. HP: 29/29 MP: 2/2
    66 | D        | Entered arena 1.
    66 | D        | Noticed a fire drake
    66 | D        | Noticed a swamp drake
    70 | D        | Killed a fire drake
    70 | D        | Reached skill level 12 in Maces & Flails
    70 | D        | Reached XP level 3. HP: 21/36 MP: 3/3
    70 | D        | Reached XP level 4. HP: 25/44 MP: 4/4
    70 | D        | Reached XP level 5. HP: 28/50 MP: 5/5
    78 | D        | Killed a swamp drake
    78 | D        | Reached skill level 14 in Maces & Flails
    78 | D        | Reached XP level 6. HP: 34/59 MP: 6/6
    83 | D        | Quit the game

Action                   |  1- 3 |  4- 6 || total
-------------------------+-------+-------++-------
Melee: Shillelagh        |     2 |     8 ||    10
Throw: Large rock        |     2 |       ||     2
  Use: Potion            |     1 |       ||     1
